 Dungeon Crawl Stone Soup version 0.19.0-2-gae57169 (webtiles) character file.

196 lorenzova the Conjurer (level 5, -3/28 HPs)
             Began as a Deep Elf Conjurer on Nov 6, 2016.
             Killed by nerve-wracking pain
             ... invoked by Grinder
              (14 damage)
             ... while paralysed by Grinder
             ... on level 3 of the Dungeon.
             The game lasted 00:04:47 (3012 turns).

lorenzova the Conjurer (Deep Elf Conjurer)          Turns: 3012, Time: 00:04:47

Health: -3/28      AC:  4    Str:  5    XL:     5   Next: 46%
Magic:  4/14       EV:  2    Int: 21    God:
Gold:   114        SH:  0    Dex: 15    Spells: 2 memorised, 8 levels left

rFire  . . .     SeeInvis .     j - +2 spear (venom)
rCold  . . .     Gourm    .     a - +0 robe
rNeg   . . .     Faith    .     (no shield)
rPois  .         Spirit   .     n - +0 helmet
rElec  .         Reflect  .     (no cloak)
rCorr  .         Harm     .     (no gloves)
MR     .....                    i - +0 pair of boots
Stlth  ++........               (no amulet)
                                (no ring)
                                (no ring)

@: paralysed, very slightly contaminated
A: no striking features
a: no special abilities


You were on level 3 of the Dungeon.
You were near starving.

You visited 1 branch of the dungeon, and saw 3 of its levels.

You collected 114 gold pieces.

Inventory:

Hand Weapons
 j - a +2 spear of venom (weapon)
Armour
 a - a +0 robe (worn)
 i - a +0 pair of boots (worn)
 n - a +0 helmet (worn)
Scrolls
 e - 5 scrolls of identify {unknown}
 g - a scroll of enchant armour {unknown}
 h - a scroll of magic mapping {unknown}
 l - a scroll of recharging {unknown}
 p - 2 scrolls of blinking {unknown}
Potions
 f - 4 potions of cure mutation {unknown}
 o - a potion of curing {unknown}
 q - a potion of might {unknown}
 r - a potion of cancellation {unknown}
 t - a potion of brilliance {unknown}
Books
 b - a book of Conjurations

   Spells                             Type                      Level
   a - Magic Dart                     Conjuration                  1
   b - Searing Ray                    Conjuration                  2
   c - Dazzling Spray                 Conjuration/Hexes            3
   d - Fulminant Prism                Conjuration/Hexes            4
   e - Iskenderun's Mystic Blast      Conjuration                  4
   f - Iskenderun's Battlesphere      Conjuration/Charms           5
Comestibles
 c - 2 bread rations
 d - a fruit
 k - a royal jelly
 m - a slice of pizza
 s - a beef jerky


   Skills:
 - Level 2.4 Dodging
 - Level 2.4 Stealth
 + Level 4.8 Spellcasting
 + Level 6.7 Conjurations


You had 8 spell levels left.
You knew the following spells:

 Your Spells              Type           Power        Failure   Level  Hunger
a - Magic Dart            Conj           ####         1%          1    None
c - Iskenderun's Mystic   Conj           ####....     10%         4    ####...


Dungeon Overview and Level Annotations

Branches:
Dungeon (3/15)

Altars:
Ashenzari
Qazlal
Ru
Trog

Annotations:
D:3 Grinder


Message History

You suddenly lose the ability to move!
Grinder gestures at you.
You shrug off the repeated paralysis!
Grinder gestures at you.
You shrug off the repeated paralysis!
Grinder hits you.
Grinder rolls her eyes.
Grinder hits you.
You writhe in agony.
Grinder barely misses you.
You can move again.
Grinder gestures at you.
You shrug off the repeated paralysis!
Grinder gestures at you.
You suddenly lose the ability to move!
Grinder gestures at you. Pain shoots through your body!
Grinder gestures at you. Pain shoots through your body!
Ouch! That really hurt!
You die...

#.....##.....####....#.##
###.########.............
#.# ########......## #.#
##.## ##.#####. #.#
##...## #.# . #.#
#.....#####.# % #.#
##>.5.......#####.
#.#####..######........
#.....@.## #.#####..
######### #.# #.. #.# ...
#.# ##.# #.# #.# #.. ..#
### ###


You could see Grinder.

Vanquished Creatures
  Jessica (D:3)
  4 gnolls
  2 adders
  3 oozes
  4 worms (D:2)
  2 leopard geckos
  2 ball pythons (D:2)
  4 giant cockroaches
  8 goblins
  8 hobgoblins
  3 jackals (D:2)
  9 kobolds
  6 bats
  2 frilled lizards
  41 rats
99 creatures vanquished.

Notes
Turn   | Place    | Note
-------+----------+-------------------------------------------
     0 | D:1      | lorenzova the Deep Elf Conjurer began the quest for the Orb.
     0 | D:1      | Reached XP level 1. HP: 10/10 MP: 6/6
   236 | D:1      | Reached XP level 2. HP: 15/15 MP: 5/8
   300 | D:1      | Reached skill level 5 in Conjurations
   668 | D:1      | Reached XP level 3. HP: 19/19 MP: 6/9
  1237 | D:2      | Found a faded altar of an unknown god.
  1409 | D:2      | Reached XP level 4. HP: 21/24 MP: 11/11
  1445 | D:2      | Learned a level 4 spell: Iskenderun's Mystic Blast
  1592 | D:2      | Reached skill level 6 in Conjurations
  1744 | D:2      | Found a shattered altar of Ashenzari.
  2113 | D:2      | Reached XP level 5. HP: 28/28 MP: 10/13
  2168 | D:2      | Found a sacrificial altar of Ru.
  2168 | D:2      | Found a faded altar of an unknown god.
  2175 | D:2      | Found a bloodstained altar of Trog.
  2177 | D:2      | Found a stormy altar of Qazlal.
  2178 | D:2      | Found a faded altar of an unknown god.
  2235 | D:3      | Noticed Jessica
  2238 | D:3      | Killed Jessica
  2673 | D:3      | Noticed Grinder
  2999 | D:3      | Paralysed by Grinder for 6 turns
  3010 | D:3      | Paralysed by Grinder for 4 turns
  3012 | D:3      | Killed from afar by Grinder

Skill      XL: |  1  2  3  4 |
---------------+-------------+-----
Conjurations   | 5 6 |  6.7
Spellcasting   | 4 |  4.8
Dodging        | |  2.4
Stealth        | |  2.4

Action                   |  1- 3 |  4- 6 || total
-------------------------+-------+-------++-------
Melee: Spear             |    18 |    27 ||    45
 Cast: Magic Dart        |    72 |    82 ||   154
       Iskenderun's Myst |       |     4 ||     4
 Stab: Sleeping          |     1 |     1 ||     2
  Eat: Chunk             |     1 |     4 ||     5
Armor: Robe              |       |     7 ||     7
Dodge: Dodged            |    11 |    14 ||    25
